[Event "*** Titled Tuesday 3|2 Blitz"]
[Site "Chess.com"]
[Date "2015.06.02"]
[Round "3"]
[White "ilmago"]
[Black "chesswooog"]
[Result "0-1"]
[WhiteElo "1855"]
[BlackElo "1935"]
[TimeControl "180+2"]
[EndTime "11:32:59 PDT"]
[Termination "chesswooog won by resignation"]

1. e4 c5 2. Nf3 d6 3. d4 cxd4 4. Qxd4 a6 5. c4 Nc6 6. Qd3 g6 7. Nc3 Bg7 8. Be2 Nh6 9. O-O O-O 10. Rd1 f5 11. e5 dxe5 12. Qxd8 Rxd8 13. Rxd8+ Nxd8 14. Bxh6 Bxh6 15. Nxe5 Nf7 16. Nxf7 Kxf7 17. Rd1 Be6 18. Na4 b5 19. cxb5 axb5 20. Bxb5 Bxa2 21.
Bc6 Ra6 22. Bb5 Ra5 23. Nc3 Bb3 24. Rb1 Bg7 25. Be2 Rc5 26. Rc1 Bh6 27. Ra1 Bd2 28. Ra3 Be6 29. h3 Bc1 30. Nd1 Rc2 31. Rc3 Rxe2 32.
Rxc1 Re1+ 33. Kh2 Bb3 34. Rc3 Bxd1 35. Rc1 Rf1 36. f3 Be2 37. Rc2 Bb5 38. Rc5 Be8 39. b4 Rb1 40. Rc4 Bb5 41. Rd4 e5 42. Rd5 Rxb4 43.
Rxe5 Kf6 44. Rc5 Rb2 45. h4 Bf1 46. Rc6+ Kg7 0-1

[Event "*** Titled Tuesday 3|2 Blitz"]
[Site "Chess.com"]
[Date "2015.06.02"]
[Round "3"]
[White "GMHess"]
[Black "iFrancisco"]
[Result "1-0"]
[WhiteElo "2478"]
[BlackElo "2295"]
[TimeControl "180+2"]
[EndTime "11:33:07 PDT"]
[Termination "GMHess won by resignation"]

1. b3 d5 2. Bb2 e6 3. Nf3 Nf6 4. e3 Be7 5. c4 O-O 6. Be2 Nbd7 7. O-O b6 8. d4 Bb7 9. Nc3 c6 10. Qc2 Rc8 11. Rad1 Qc7 12. e4 c5 13. exd5 exd5 14. dxc5 dxc4 15. Bxc4 Nxc5 16. Nb5 Qb8 17. Ng5 Nce4 18.
Bxf6 Nxf6 19. Rd7 a6 20. Nd4 b5 21. Nf5 bxc4 22. Nxe7+ Kh8 23. Nxc8 Qxc8 24. Rxf7 Rxf7 25. Nxf7+ Kg8 26. Nd6 1-0

[Event "*** Titled Tuesday 3|2 Blitz"]
[Site "Chess.com"]
[Date "2015.06.02"]
[Round "3"]
[White "Malev212"]
[Black "ecwinslow"]
[Result "1-0"]
[WhiteElo "2212"]
[BlackElo "1994"]
[TimeControl "180+2"]
[EndTime "11:33:15 PDT"]
[Termination "Malev212 won on time"]

1. d4 Nf6 2. c4 e6 3. Nf3 c5 4.
d5 exd5 5. cxd5 d6 6. Nc3 g6 7.
Nd2 Bg7 8. e4 O-O 9. Be2 Na6 10.
O-O Nc7 11. a4 Re8 12. f3 b6 13. Nc4 Ba6 14. Bg5 Qd7 15. b3 Ng4 16. Rc1 Bd4+ 17. Kh1 Bxc4 18. Bxc4 Ne3 19. Bxe3 Bxe3 20. Rb1 a6 21. Qd3 Bd4 22. b4 f5 23. bxc5 bxc5 24. Ne2 Bf6 25. Nf4 Qxa4 26. Ne6 Nxe6 27. dxe6 fxe4 28.
fxe4 Be7 29. Rb7 Rab8 30. Rd7 Rb4 31. Bd5 Qb5 32. Qf3 1-0

[Event "*** Titled Tuesday 3|2 Blitz"]
[Site "Chess.com"]
[Date "2015.06.02"]
[Round "3"]
[White "MattyDPerrine"]
[Black "Philofive"]
[Result "0-1"]
[WhiteElo "2235"]
[BlackElo "2221"]
[TimeControl "180+2"]
[EndTime "11:33:15 PDT"]
[Termination "Philofive won by resignation"]

1. d4 Nf6 2. c4 g6 3. Nf3 Bg7 4. g3 d6 5. Bg2 O-O 6. O-O Nc6 7. Nc3 a6 8. b3 Rb8 9. Bb2 Bf5 10. Nh4 Bd7 11. Rc1 e6 12. Qd2 Ne7 13.
e4 Nc6 14. d5 Ne7 15. Nf3 e5 16. c5 Ne8 17. b4 Kh8 18. Qe2 Bh6 19. Nd2 f5 20.
exf5 Nxf5 21. Nce4 Bb5 22. Nc4 Bxc1 23. Rxc1 h6 24. a4 Bxa4 25. cxd6 cxd6 26. Qg4 Kh7 27. h4 Nf6 28. Qe2 Nxe4 29. Bxe4 Bb5 30. h5 Kg7 31. hxg6 Qg5 32. Rc2 Rbc8 33. Bc1 Nd4 34. Qd1 Qf6 35. Be3 Nxc2 36. Nb6 Nxe3 37. fxe3 Qf1+ 0-1

[Event "*** Titled Tuesday 3|2 Blitz"]
[Site "Chess.com"]
[Date "2015.06.02"]
[Round "3"]
[White "Keaton87"]
[Black "IMRosen"]
[Result "0-1"]
[WhiteElo "2395"]
[BlackElo "2258"]
[TimeControl "180+2"]
[EndTime "11:33:27 PDT"]
[Termination "IMRosen won by resignation"]

1. d4 Nf6 2. Nf3 d5 3. c4 e6 4. Nc3 Be7 5. Bg5 O-O 6. e3 a6 7. cxd5 exd5 8. Bd3 Nbd7 9. O-O Re8 10. Rc1 c6 11. a3 Nf8 12. b4 Ng6 13. Qb3 Bd6 14. h3 h6 15. Bxg6 hxg5 16. Bd3 g4 17. hxg4 Nxg4 18.
e4 Bf4 19. Rce1 Be6 20. exd5 cxd5 21. Ne2 Bd6 22. Ng3 Qf6 23. Bb1 Qh6 24. Qd3 Rac8 25.
Re2 g6 26. Rfe1 Kg7 27. Rc2 Rxc2 28. Bxc2 Rh8 29. Kf1 Bxg3 30. fxg3 Qh1+ 31. Ng1 Bf5 32. Qd2 Nh2+ 33. Kf2 Ng4+ 34. Kf1 Qh5 35. Nf3 Nf6 36. Bxf5 Qxf5 37. Qf4 Rh1+ 38. Kf2 Qc2+ 39. Re2 Ne4+ 40. Qxe4 Qxe4 41. Rxe4 dxe4 42. Ne5 Ra1 43. Nc4 b5 44. Ne5 Rxa3 45. d5 Kf6 46. Nc6 Rd3 0-1

[Event "*** Titled Tuesday 3|2 Blitz"]
[Site "Chess.com"]
[Date "2015.06.02"]
[Round "3"]
[White "Zvonokchess"]
[Black "TheLancer"]
[Result "1-0"]
[WhiteElo "2535"]
[BlackElo "2364"]
[TimeControl "180+2"]
[EndTime "11:33:32 PDT"]
[Termination "Zvonokchess won by resignation"]

1. e4 c5 2. Nf3 g6 3. d4 cxd4 4. Qxd4 Nf6 5. Nc3 Nc6 6. Qa4 d6 7. e5 dxe5 8. Nxe5 Qd4 9. Qxd4 Nxd4 10. Bd3 Bf5 11. Be3 Bxd3 12. Bxd4 Ba6 13. O-O-O Bh6+ 14. Kb1 O-O 15. Nd3 Rfd8 16. Nc5 Ng4 17. Nxa6 bxa6 18. h3 Nf6 19. Rhe1 Bf8 20. Bxf6 exf6 21. Nd5 f5 22. c4 Bc5 23. f3 a5 24. Kc2 Rac8 25. b3 Kg7 26. a4 Bf2 27. Re2 Bc5 28. Rd3 Rb8 29. Red2 Rb7 30. Nf4 Re8 31. Rd7 Rxd7 32.
Rxd7 g5 33. Nd3 Bg1 34. Kd2 Be3+ 35. Kd1 f4 36. Rd5 f6 37. Rxa5 h5 38. Rd5 Rb8 39. b4 Rc8 40. c5 Kf7 41. Kc2 Ke6 42. Rd6+ Kf5 43. Kb3 a5 44. b5 Bxc5 45. Rd5+ Ke6 46. Rxc5 Rd8 47. Rc6+ Kd5 48. Nc5 Re8 49. Ne4 f5 50.
Nf6+ 1-0

[Event "*** Titled Tuesday 3|2 Blitz"]
[Site "Chess.com"]
[Date "2015.06.02"]
[Round "3"]
[White "Genghis_K"]
[Black "zmaj23"]
[Result "1-0"]
[WhiteElo "2551"]
[BlackElo "2411"]
[TimeControl "180+2"]
[EndTime "11:33:35 PDT"]
[Termination "Genghis_K won by resignation"]

1. e4 c5 2. Nf3 d6 3. d4 cxd4 4. Nxd4 Nf6 5. Nc3 a6 6. Be3 e6 7. f3 b5 8. a3 Nfd7 9. Qd2 Nb6 10. O-O-O Bb7 11. g4 N8d7 12. Kb1 Rc8 13. Rg1 Be7 14. g5 Ne5 15. b3 Qc7 16. Ncxb5 axb5 17. Nxb5 Qc6 18. Qf2 Ned7 19. Na7 Qc7 20. Nxc8 Nxc8 21. Bd4 O-O 22. h4 d5 23. h5 dxe4 24. g6 e5 25.
gxf7+ Rxf7 26. Bb2 Rxf3 27. Qg2 Bf6 28. Bc4+ Kf8 29.
h6 g6 30. Qg4 Ndb6 31. Qe6 Nxc4 32. Rd7 Qxd7 33. Qxd7 N4d6 34. Qxh7 e3 35. Qxg6 e2 36. Bc3 Ne7 37. Qg4 Rxc3 38. h7 Be4 39. Qe6 Bxc2+ 40.
Kb2 Rf3 41. Rg8+ 1-0

[Event "*** Titled Tuesday 3|2 Blitz"]
[Site "Chess.com"]
[Date "2015.06.02"]
[Round "3"]
[White "Aragon"]
[Black "Carolina-moon"]
[Result "1-0"]
[WhiteElo "2115"]
[BlackElo "1991"]
[TimeControl "180+2"]
[EndTime "11:33:48 PDT"]
[Termination "Aragon won by checkmate"]

1. e4 c5 2. Nf3 d6 3. Bb5+ Nd7 4. O-O a6 5. Be2 Ngf6 6. d3 e6 7. a4 Be7 8. c4 O-O 9. Nc3 b6 10. d4 cxd4 11. Nxd4 Bb7 12. f3 Qc7 13. Be3 Rac8 14. Rc1 Rfd8 15. b4 Qb8 16. Qb3 Qa8 17. Rfd1 Ne5 18.
h3 d5 19. cxd5 exd5 20. f4 Nc4 21. Nxd5 Nxd5 22. Nf5 Ndxe3 23. Nxe7+ Kh8 24. Rxd8+ Rxd8 25. Bxc4 Nxc4 26. Qxc4 Bxe4 27. Qxf7 Bxg2 28. Nf5 Rg8 29. Ne7 Bxh3 30. Qxg8+ Qxg8 31. Nxg8 Kxg8 32. Rc6 Bd7 33. Rxb6 Bxa4 34. Rxa6 Bb3 35. b5 Bc4 36. Ra8+ Kf7 37.
b6 Bd5 38. b7 Bxb7 39. Ra7 Kf6 40. Rxb7 g6 41. Kf2 h6 42. Kg3 g5 43. Rb6+ Kf5 44.
Rxh6 gxf4+ 45. Kf3 Kg5 46. Rb6 Kf5 47. Rb5+ Kf6 48.
Kxf4 Ke6 49. Ke4 Kd7 50. Ke5 Kc7 51. Rd5 Kc6 52. Kd4 Kb6 53. Rc5 Kb7 54. Kd5 Kb6 55. Kd6 Ka6 56. Kc7 Ka7 57. Ra5# 1-0

[Event "*** Titled Tuesday 3|2 Blitz"]
[Site "Chess.com"]
[Date "2015.06.02"]
[Round "3"]
[White "Theladies"]
[Black "MFBerna"]
[Result "1-0"]
[WhiteElo "1878"]
[BlackElo "1821"]
[TimeControl "180+2"]
[EndTime "11:34:01 PDT"]
[Termination "Theladies won on time"]

1. d4 d5 2. Bf4 Nf6 3. e3 e6 4.
Nd2 Be7 5. h3 O-O 6. Ngf3 b6 7.
Ne5 c5 8. c3 Bb7 9. Bd3 Nc6 10. O-O cxd4 11. exd4 Nxe5 12. Bxe5 Bd6 13. Nf3 Ne4 14. Bxd6 Qxd6 15. Qe2 f6 16. Nd2 Nxd2 17. Qxd2 e5 18. Rae1 e4 19. Bc2 Ba6 20. Bb3 Bxf1 21.
Rxf1 f5 22. f4 Rfe8 23. Qe3 b5 24. a3 a5 25. g4 fxg4 26. hxg4 b4 27. axb4 axb4 28.
cxb4 Rab8 29. b5 Red8 30. Qxe4 Rxb5 31. Qd3 Rdb8 32. Bc2 Qh6 33. b3 Qh4 34. Rf2 g6 35. Qf3 Re8 36. Bd3 Re1+ 37. Bf1 1-0

[Event "*** Titled Tuesday 3|2 Blitz"]
[Site "Chess.com"]
[Date "2015.06.02"]
[Round "3"]
[White "MinhGTrAn"]
[Black "RitvarsReimanis"]
[Result "1/2-1/2"]
[WhiteElo "2565"]
[BlackElo "2347"]
[TimeControl "180+2"]
[EndTime "11:34:04 PDT"]
[Termination "Game drawn by repetition"]

1. d4 Nf6 2. Bg5 Ne4 3. Bf4 d5 4. e3 g6 5. Bd3 Nf6 6. h3 Bg7 7. Nf3 c5 8. O-O c4 9. Be2 O-O 10. b3 cxb3 11. axb3 Nc6 12. c4 a6 13. Nc3 Be6 14.
Rc1 Rc8 15. Na4 dxc4 16. bxc4 Na5 17. Nc5 Rxc5 18. dxc5 Qc8 19. Nd4 Bd7 20. Nb3 Ba4 21. Nxa5 Bxd1 22. Rfxd1 Ne4 23. Bf3 Nxc5 24. Rb1 e5 25. Bg3 e4 26. Bg4 f5 27. Be2 Na4 28.
Rxb7 Nc3 29. Rxg7+ Kxg7 30. Be5+ Kh6 31. Bxc3 Rd8 32.
Rxd8 Qxd8 33. c5 Qe7 34. c6 Qa3 35. Be1 g5 36. Kf1 Qc5 37. Bxa6 f4 38. exf4 gxf4 39. Be2 Kg5 40. Bd2 e3 41. fxe3 fxe3 42. Be1 Qf5+ 43. Bf3 Qb5+ 44. Be2 Qf5+ 45. Kg1 Qb1 46. Kf1 Qf5+ 1/2-1/2

[Event "*** Titled Tuesday 3|2 Blitz"]
[Site "Chess.com"]
[Date "2015.06.02"]
[Round "3"]
[White "AungTZ"]
[Black "esr44"]
[Result "0-1"]
[WhiteElo "2110"]
[BlackElo "2018"]
[TimeControl "180+2"]
[EndTime "11:34:10 PDT"]
[Termination "esr44 won by resignation"]

1. e4 c6 2. d4 d5 3. Nc3 dxe4 4. Nxe4 Bf5 5. Ng3 Bg6 6. h4 h6 7. Nf3 Nd7 8. h5 Bh7 9. Bd3 Bxd3 10.
Qxd3 e6 11. Bd2 Ngf6 12. O-O-O Be7 13. Kb1 O-O 14. Ne4 c5 15. Qe2 Nxe4 16. Qxe4 Nf6 17. Qe2 cxd4 18. Bc3 dxc3 19. Rxd8 Rfxd8 20. Rd1 Nd5 21. b3 Rac8 22. Ne5 Bf6 23. g3 a6 24. Nd3 b5 25. f4 a5 26. g4 a4 27. b4 a3 28. Nc5 Nxb4 29. Rxd8+ Rxd8 30. Ne4 Rd5 31. f5 Nc6 32. Nxf6+ gxf6 33. fxe6 Re5 34. exf7+ Kxf7 35. Qd1 Nd4 36. Qh1 Nf3 37. g5 hxg5 38. Kc1 Re1+ 39.
Qxe1 Nxe1 40. Kd1 Nf3 41. Ke2 g4 42. Kf2 f5 43. Kg3 Kg7 44. Kf4 Kh6 45. Kxf5 g3 46.
Kf4 g2 47. Kxf3 g1=Q 48. Ke4 Qd1 49. Ke5 Qxc2 50. Kd4 Qd2+ 0-1

[Event "*** Titled Tuesday 3|2 Blitz"]
[Site "Chess.com"]
[Date "2015.06.02"]
[Round "3"]
[White "Colombiano07"]
[Black "Vandros57"]
[Result "1-0"]
[WhiteElo "1987"]
[BlackElo "1831"]
[TimeControl "180+2"]
[EndTime "11:34:32 PDT"]
[Termination "Colombiano07 won on time"]

1. e4 e6 2. d4 d5 3. Nc3 Bb4 4. e5 Ne7 5. a3 Bxc3+ 6. bxc3 b6 7.
Bb5+ c6 8. Bd3 Ba6 9. Bxa6 Nxa6 10. a4 Nc7 11. Ba3 O-O 12. Nf3 h6 13. O-O Re8 14.
Nh4 Nf5 15. Nxf5 exf5 16. Bd6 Ne6 17. Qd3 g6 18. c4 Qd7 19. cxd5 cxd5 20. c4 Qb7 21. c5 bxc5 22. dxc5 Rac8 23. Rfc1 f4 24. Qb5 Qc6 25. Rab1 g5 26. h3 Nd4 27. Qd3 Ne6 28. Rb5 Kg7 29. Qf5 Nd4 30. Qf6+ Kg8 31. Qxh6 Re6 32. Qxg5+ Rg6 33. Qh5 Nxb5 34. axb5 Qxb5 35.
Qf5 Qc6 36. Qxf4 d4 37. g4 Qd5 38. Rd1 d3 39. Qe3 a5 40. Rxd3 Qc6 41. f4 Re8 42. f5 Rg7 43. Kh2 a4 44. Kg3 Ra8 45. Ra3 Qd5 46.
h4 Qd1 47. g5 Rh7 48. e6 fxe6 49.
Qxe6+ Rf7 50. g6 Qg1+ 51. Kf4 Qf2+ 52. Kg4 Qg2+ 53. Rg3 1-0

[Event "*** Titled Tuesday 3|2 Blitz"]
[Site "Chess.com"]
[Date "2015.06.02"]
[Round "3"]
[White "goldaxe"]
[Black "NFork"]
[Result "0-1"]
[WhiteElo "2145"]
[BlackElo "2083"]
[TimeControl "180+2"]
[EndTime "11:34:49 PDT"]
[Termination "NFork won on time"]

1. e4 Nf6 2. e5 Nd5 3. d4 d6 4. Nf3 dxe5 5. Nxe5 c6 6. Be2 Nd7 7. Nf3 g6 8. O-O Bg7 9. c4 Nc7 10. Nc3 O-O 11. Re1 Nb6 12. h3 h6 13. a4 Be6 14.
b3 c5 15. dxc5 Bxc3 16. cxb6 Qxd1 17. Rxd1 Bxa1 18. Bxh6 Bg7 19. Bxg7 Kxg7 20. bxc7 Rac8 21. Nd4 Bd7 22. Nb5 Bxb5 23. axb5 Rxc7 24. Ra1 b6 25.
Bf3 Rd8 26. Kf1 Rd3 27. Rb1 Rcd7 28. Bd5 e6 29. Ke2 Rd4 30. Ke3 Rh4 31. Bc6 Rc7 32. Rd1 Rh8 33. f4 Kf6 34. Ke4 Ke7 35. Rd3 Rh4 36.
g4 f6 37. Rf3 Rh8 38. b4 Rd8 39. c5 f5+ 40. Ke3 bxc5 41. bxc5 a6 42. gxf5 exf5 43.
Rg3 Kf6 44. Rg2 axb5 45. Bxb5 Rxc5 46. Bd3 Rc3 47. Rd2 g5 48. fxg5+ Kxg5 49. Rd1 Kh4 50. Ke2 f4 0-1

[Event "*** Titled Tuesday 3|2 Blitz"]
[Site "Chess.com"]
[Date "2015.06.02"]
[Round "3"]
[White "grandmastergauri"]
[Black "facu57"]
[Result "1-0"]
[WhiteElo "2294"]
[BlackElo "2190"]
[TimeControl "180+2"]
[EndTime "11:35:01 PDT"]
[Termination "grandmastergauri won by resignation"]

1. e4 c6 2. c4 d5 3. cxd5 cxd5 4.
exd5 Qxd5 5. Nc3 Qa5 6. Nf3 Bg4 7. Bc4 e6 8. h3 Bxf3 9. Qxf3 Nc6 10. O-O Nf6 11. d4 Be7 12. Be3 O-O 13. Rad1 Bb4 14.
Ne4 Be7 15. Nc5 Bxc5 16. dxc5 Ne5 17. Qf4 Nxc4 18. Qxc4 Rac8 19. b4 Qa4 20. Bf4 Nd5 21.
Bd6 Rfd8 22. Rxd5 exd5 23. Qxd5 Qxb4 24. Qg5 Qe4 25. h4 Qg6 26. Qd5 b6 27. h5 Qh6 28.
cxb6 Qxd6 29. Qxd6 Rxd6 30. b7 Rb8 31. Rc1 Rdd8 32. Rc7 Kf8 33. g4 Ke8 34. g5 Rd7 35. Rc8+ Rd8 36. Rc7 Kf8 37. f4 Kg8 38. f5 Rd5 39.
Rc8+ Rd8 40. Rc7 h6 41. g6 fxg6 42. fxg6 Rf8 43. Kg2 a5 44. a4 Rf5 45. Rc8+ Rf8 46. Rc7 Rfd8 47. Kg3 Re8 48. Kf2 Kf8 49. Rf7+ Kg8 50.
Rc7 Rbd8 51. Kf3 Rf8+ 52. Ke3 Rfe8+ 53. Kf4 Kf8 54. Rf7+ Kg8 55. Rc7 Rd4+ 56. Kf5 Rf8+ 57. Ke5 Rdd8 58. Ke6 Rfe8+ 59. Kf5 Rd5+ 60. Kf4 Rf8+ 61.
Ke4 Rdd8 62. Ke5 Rb8 63. Kd6 Rf6+ 64. Kc5 Rf5+ 65. Kb6 Rf6+ 66. Ka7 Rf5 67. Kxb8 1-0

[Event "*** Titled Tuesday 3|2 Blitz"]
[Site "Chess.com"]
[Date "2015.06.02"]
[Round "3"]
[White "MITerryble"]
[Black "HZMC92"]
[Result "1-0"]
[WhiteElo "2511"]
[BlackElo "2301"]
[TimeControl "180+2"]
[EndTime "11:35:03 PDT"]
[Termination "MITerryble won by resignation"]

1. d4 d5 2. Nf3 e6 3. c4 c6 4. g3 Bd6 5. Bg2 Nd7 6. O-O f5 7.
Qc2 Ngf6 8. cxd5 cxd5 9. Nc3 O-O 10. Nb5 Bb8 11. Bf4 Bxf4 12. gxf4 Nb6 13. Rac1 Bd7 14.
Na3 Rc8 15. Qd2 Qe7 16. Qa5 Bc6 17. Qxa7 Qb4 18. Nc2 Qxb2 19. Rb1 Qxc2 20. Qxb6 Qxa2 21. Rb2 Qa6 22. Qb4 Ne4 23. Ne5 Qa4 24. Qxa4 Bxa4 25. Rxb7 Rb8 26. Ra7 Ra8 27. Rc7 Rac8 28. Rfc1 Rxc7 29.
Rxc7 Rb8 30. Bxe4 dxe4 31. h4 Bb3 32. h5 e3 33. fxe3 Bd5 34. Kf2 h6 35. Ng6 Kh7 36.
Re7 Kg8 37. Ke1 Kh7 38. Kd2 Rc8 39. Rd7 Be4 40. Rd6 Rc2+ 41. Kd1 Ra2 42. Rd8 Ra8 43. Rd6 Ra1+ 44. Kd2 Rh1 45. Rd7 Rxh5 46. Nf8+ Kg8 47. Nxe6 g5 48. fxg5 hxg5 49. Rg7+ Kh8 50. Rxg5 Rh6 51.
Nc5 Bb1 52. Rg1 Rb6 53. Kc3 Ba2 54. Rf1 Bb1 55. d5 Kg7 56. d6 Ba2 57. d7 Rd6 58. Rxf5 Kg6 59. Rf4 Be6 60. Nxe6 Rxd7 61. Nf8+ 1-0

[Event "*** Titled Tuesday 3|2 Blitz"]
[Site "Chess.com"]
[Date "2015.06.02"]
[Round "3"]
[White "adypady02"]
[Black "pedromartinez91"]
[Result "0-1"]
[WhiteElo "2273"]
[BlackElo "2128"]
[TimeControl "180+2"]
[EndTime "11:35:14 PDT"]
[Termination "pedromartinez91 won by resignation"]

1. e4 c5 2. Nf3 Nc6 3. Bb5 g6 4. Bxc6 bxc6 5. O-O Bg7 6. c3 f6 7. d4 cxd4 8. cxd4 d6 9. Be3 Nh6 10. Qc1 Ng4 11. Qxc6+ Bd7 12. Qc3 Rc8 13. Qd2 Nxe3 14. Qxe3 O-O 15. Nc3 Qb6 16. Nd5 Qd8 17. Qa3 e6 18.
Ne3 Qb6 19. Rfc1 Bb5 20. b3 f5 21. exf5 Be2 22. Ng5 Bxd4 23. Nxe6 Bxe3 24. fxe3 Qxe3+ 25. Kh1 Rxc1+ 26. Rxc1 Rxf5 27. Nc7 Rc5 28. Rxc5 dxc5 29. Qb2 Qf2 30. h3 Qf1+ 31. Kh2 Qf4+ 32. Kg1 Qxc7 33. Qxe2 Qd6 34. Qc4+ Kg7 35. a4 a5 36. Qb5 Qd4+ 37.
Kh2 Qe5+ 38. Kh1 Qe1+ 39. Kh2 Qe5+ 40. Kg1 Qd4+ 41. Kf1 Qf4+ 42. Ke2 Qe4+ 43. Kf2 Qf4+ 44. Ke2 Qe4+ 45. Kf1 Qb1+ 46. Kf2 Qc2+ 47. Kg1 Qc1+ 48. Kh2 Qf4+ 49. Kg1 Qd4+ 50. Kf1 Qf4+ 51. Ke2 Qe4+ 52. Kd1 Qxg2 53. Qd7+ Kh6 54. Qe7 Qd5+ 55. Kc2 c4 56. Qe3+ g5 57. Qb6+ Kh5 58. Qxa5 cxb3+ 59. Kc3 Qxa5+ 0-1

[Event "*** Titled Tuesday 3|2 Blitz"]
[Site "Chess.com"]
[Date "2015.06.02"]
[Round "3"]
[White "oggy1984"]
[Black "Dlugy"]
[Result "0-1"]
[WhiteElo "2312"]
[BlackElo "2559"]
[TimeControl "180+2"]
[EndTime "11:35:32 PDT"]
[Termination "Dlugy won by resignation"]

1. d4 Nf6 2. c4 g6 3. Nc3 Bg7 4. e4 d6 5. f4 O-O 6. Nf3 c5 7.
Be2 cxd4 8. Nxd4 Nc6 9. Be3 e6 10. Ndb5 d5 11. cxd5 exd5 12. e5 Ng4 13. Bc5 d4 14.
Nxd4 Ne3 15. Nxc6 Nxg2+ 16. Kf2 Qh4+ 17. Kxg2 bxc6 18. Qd3 Qxf4 19. Bxf8 Bxf8 20. Qg3 Qb4 21. b3 Bf5 22. Rhd1 Bg7 23. Bc4 Re8 24. Re1 Qa5 25.
Rad1 Bxe5 26. Rxe5 Rxe5 27. Re1 Rxe1 28. Qxe1 Kg7 29.
a4 h5 30. Qe3 Qd8 31. Ne2 Qc7 32. Qd4+ f6 33. Nf4 Qe7 34. Kf2 h4 35. a5 g5 36. Ne2 Qc7 37. Kg1 Qxa5 38. Nc3 Qa1+ 39. Kg2 Qb2+ 40. Kg1 Qa1+ 41. Kf2 Qb2+ 42. Ne2 Qxd4+ 43.
Nxd4 Bd7 44. Be6 Be8 45. b4 Kg6 46. Bf5+ Kf7 47. Be4 Ke7 48. Bxc6 Bg6 49. Nb5 a6 50. Nd4 Kd6 51. Ke3 f5 52. Bb7 f4+ 53. Kd2 g4 54.
Bxa6 Be4 55. Ne2 f3 56. Nc3 Ba8 57. Ke3 g3 58. hxg3 hxg3 59. Bd3 f2 60. Ne4+ Bxe4 61.
Kxe4 g2 0-1

[Event "*** Titled Tuesday 3|2 Blitz"]
[Site "Chess.com"]
[Date "2015.06.02"]
[Round "3"]
[White "redchessman"]
[Black "Recombinant"]
[Result "0-1"]
[WhiteElo "2124"]
[BlackElo "2113"]
[TimeControl "180+2"]
[EndTime "11:35:39 PDT"]
[Termination "Recombinant won by resignation"]

1. d4 d5 2. c4 dxc4 3. Qa4+ Nc6 4. Nf3 Nf6 5. g3 a6 6. Qxc4 Qd5 7. Qxd5 Nxd5 8. Bg2 Ndb4 9. Na3 Bg4 10. e3 Nd3+ 11.
Kd2 Nxf2 12. Rf1 Ne4+ 13. Ke1 e6 14. Nd2 Nf6 15. Bxc6+ bxc6 16. Nac4 c5 17. dxc5 Bxc5 18. Nb3 Bb4+ 19. Bd2 Bxd2+ 20. Kxd2 O-O 21. Ne5 Bh3 22. Rf4 Rfd8+ 23. Rd4 a5 24. Rc1 a4 25. Nc5 Rxd4+ 26.
exd4 Rd8 27. Rc4 a3 28. bxa3 Bf1 29. Ra4 Bb5 30. Ra7 Rxd4+ 31. Kc3 Rd8 32. Kb4 Be2 33. Nc6 Nd5+ 34. Kb3 Re8 35. a4 h5 36. a5 Bb5 37.
Nb4 c6 38. Nd7 Rd8 39. Nb6 Nxb4 40. Kxb4 Rd4+ 41. Kc5 Rd2 42. a4 Bf1 43. Kxc6 Rxh2 44. a6 Rc2+ 45. Kd7 e5 46. Ra8+ Kh7 47. a7 Bh3+ 48. Kd6 Bg2 49. Rf8 Rc6+ 50. Kxe5 Rxb6 51. a8=Q Bxa8 52. Rxa8 Rg6 53. Kf4 Rf6+ 54. Kg5 Rg6+ 55. Kf4 Rf6+ 56. Kg5 Rg6+ 57. Kh4 Rg4+ 58. Kh3 f6 59. a5 Ra4 60. a6 Kg6 61. Ra7 Kh6 62.
Ra8 Kg5 63. a7 g6 64. Kg2 Kg4 65. Kf2 g5 66. Rf8 Ra2+ 67. Ke3 Rxa7 68. Rxf6 Kxg3 69. Rg6 g4 70. Rh6 Re7+ 71. Kd2 h4 0-1

[Event "*** Titled Tuesday 3|2 Blitz"]
[Site "Chess.com"]
[Date "2015.06.02"]
[Round "3"]
[White "Konavets"]
[Black "David_Klein"]
[Result "1-0"]
[WhiteElo "2432"]
[BlackElo "2264"]
[TimeControl "180+2"]
[EndTime "11:35:40 PDT"]
[Termination "Konavets won by checkmate"]

1. e4 g6 2. d4 Bg7 3. c4 c5 4. d5 d6 5. Nc3 Nf6 6. Nf3 O-O 7. Be2 e6 8. O-O exd5 9. exd5 Bg4 10. Bg5 Nbd7 11. h3 Bxf3 12. Bxf3 Ne5 13. Be2 Re8 14.
Qd2 a6 15. Rfe1 Qa5 16. a3 h5 17. Reb1 Qc7 18. Bf4 Nh7 19. Bf1 Qe7 20. Be3 Nd7 21. Re1 Qf8 22. Rab1 Ne5 23. b4 b6 24. bxc5 bxc5 25.
Rb7 Reb8 26. Reb1 Rxb7 27. Rxb7 Qc8 28. Rb6 Qc7 29. Qb2 Nxc4 30. Bxc4 Bxc3 31. Qxc3 Qxb6 32. Bh6 Qb1+ 33. Kh2 f6 34. Bd3 Qd1 35. Bxg6 Qd4 36. Qb3 Qe5+ 37. f4 Qe7 38. Bxh5 Kh8 39. Bg4 Rg8 40.
Be6 Rd8 41. Qb6 Nf8 42. f5 Nd7 43. Qxa6 Ne5 44. Qe2 Qh7 45. Bf4 Qh4 46. Bg3 Qg5 47. a4 Rb8 48. Qe4 Rb2 49. a5 Ra2 50. a6 Rxa6 51. Bh4 Qg7 52. Qb1 Ra8 53. Qc1 Ra2 54.
Qf1 Qh6 55. Bg3 Qg5 56. Bf4 Qh4 57. Kh1 Rf2 58. Qb1 Qxf4 59. Qb8+ Kg7 60. Qg8+ Kh6 61. Qh8+ Kg5 62. Qg7+ Kh4 63. g3+ Qxg3 64. Qh6# 1-0

[Event "*** Titled Tuesday 3|2 Blitz"]
[Site "Chess.com"]
[Date "2015.06.02"]
[Round "3"]
[White "GeorgMeier"]
[Black "VSERGUEI"]
[Result "1-0"]
[WhiteElo "2741"]
[BlackElo "2479"]
[TimeControl "180+2"]
[EndTime "11:35:43 PDT"]
[Termination "GeorgMeier won on time"]

1. Nf3 d5 2. g3 Bf5 3. Bg2 e6 4. c4 c6 5. cxd5 cxd5 6. Qb3 Qb6 7. Qxb6 axb6 8. Nc3 Nc6 9. O-O Nf6 10. d3 Bc5 11. Nh4 Bg6 12. Bd2 Ke7 13. Rfc1 Rhc8 14. Nxg6+ hxg6 15. h3 Nd4 16. Kf1 Kd7 17. Rab1 Bb4 18.
e3 Bxc3 19. Bxc3 Nb5 20. Bxf6 gxf6 21. a3 Nd6 22. h4 f5 23. Ke2 Rc5 24. Kd2 Rac8 25.
Bf3 Ke7 26. Bd1 e5 27. Rc3 Nb5 28. Rb3 R8c6 29. Rb4 d4 30. Ba4 dxe3+ 31. fxe3 Nc7 32.
Bxc6 Rxc6 33. Rc4 Nd5 34. Rbc1 Kd6 35. a4 Nf6 36. b4 Nd5 37. e4 Nc7 38. Rxc6+ bxc6 39.
exf5 gxf5 40. h5 Ne6 41. h6 Ng5 42. a5 bxa5 43. bxa5 Kc7 44. a6 Kb6 45. a7 Kxa7 46. Rxc6 e4 47. Rf6 Nf3+ 48. Ke3 Ne5 49. Rxf5 Ng4+ 50. Kxe4 Nxh6 51. Rf6 Ng4 52. Rxf7+ Kb6 53. Rf4 Nh2 54. g4 Nxg4 55. Rxg4 Kc5 56. Rg6 Kb4 57. Kd4 Kb5 58. Rf6 Kb4 59. Rb6+ Ka5 60. Kc5 Ka4 61.
Rb8 Ka3 62. Kc4 Ka2 63. Kc3 Ka1 64. d4 1-0

[Event "*** Titled Tuesday 3|2 Blitz"]
[Site "Chess.com"]
[Date "2015.06.02"]
[Round "3"]
[White "JustaTrickstar"]
[Black "aripov96"]
[Result "1-0"]
[WhiteElo "2443"]
[BlackElo "2266"]
[TimeControl "180+2"]
[EndTime "11:35:51 PDT"]
[Termination "JustaTrickstar won by checkmate"]

1. d4 d5 2. c4 c6 3. Nf3 Nf6 4. Nc3 e6 5. e3 Nbd7 6. Qc2 Bd6 7.
Bd3 O-O 8. O-O e5 9. cxd5 cxd5 10. dxe5 Nxe5 11. Nxe5 Bxe5 12. Ne2 Bg4 13. h3 Bxe2 14. Qxe2 Ne4 15. Rb1 Bc7 16. Rd1 Qf6 17. Bd2 Qe5 18. g3 Nxd2 19. Rxd2 Rfd8 20. Rbd1 g6 21. Bc2 Ba5 22.
Rd4 Bb6 23. Rb4 d4 24. e4 Rac8 25. Rb5 Qe6 26. Bb3 Qxh3 27. Qf3 Rf8 28. e5 Qd7 29. a4 Rc5 30. Rxc5 Bxc5 31. Re1 Qe7 32. Qd5 Kg7 33. Bc4 Bb6 34. Re4 Qb4 35. b3 Qd2 36.
Rf4 d3 37. Bxd3 Bc7 38. Rf3 Qe1+ 39. Kg2 Qxe5 40. Qxb7 Bb6 41. Bc4 Qc7 42. Qd5 Qe7 43. a5 Bc7 44. Re3 Qd6 45. Qb7 Bxa5 46. Rd3 Qc5 47.
Rd5 Qb6 48. Qd7 Bc3 49. Rd3 Bb4 50. Rf3 a5 51. Bxf7 Kh6 52. Qd1 Qb7 53. Bd5 Qc7 54. Rd3 Qc5 55. f4 Kg7 56. Bc4 h5 57. Rd7+ Kh6 58. Qa1 Qc6+ 59. Rd5 Qf6 60. Qd1 Qb2+ 61. Qe2 Qxe2+ 62. Bxe2 Re8 63. Bd3 Re3 64. Rd7 g5 65. Rh7# 1-0

[Event "*** Titled Tuesday 3|2 Blitz"]
[Site "Chess.com"]
[Date "2015.06.02"]
[Round "3"]
[White "arnacman"]
[Black "PowerThinking2650"]
[Result "0-1"]
[WhiteElo "2253"]
[BlackElo "2081"]
[TimeControl "180+2"]
[EndTime "11:36:12 PDT"]
[Termination "PowerThinking2650 won by checkmate"]

1. e4 e5 2. Bc4 Nc6 3. Nf3 Nf6 4. d3 Be7 5. O-O O-O 6. Bb3 d6 7. c3 Na5 8. Bc2 c5 9. Nbd2 Nc6 10. Re1 Re8 11.
a3 Bf8 12. b4 b6 13. Bb2 a6 14.
h3 Bb7 15. d4 Qc7 16. Rc1 Rad8 17. d5 Ne7 18. Bd3 Ng6 19. Bf1 Bc8 20. g3 h5 21. h4 Ng4 22. Ng5 Be7 23. f3 Nh6 24. Rc2 b5 25. c4 bxc4 26. Rxc4 Qb6 27. Kg2 f5 28. exf5 Nxf5 29. Bd3 Bxg5 30. hxg5 Rf8 31. Bc3 cxb4 32. Rxb4 Qc7 33. Rc4 Qd7 34. Ne4 Nd4 35.
Bxd4 Qh3+ 36. Kg1 exd4 37. Bf1 Qf5 38. Bg2 Ne5 39. Rxd4 Bd7 40. Rf1 Bb5 41. Rf2 Qg6 42. f4 Ng4 43. Rfd2 Rc8 44. Rc2 Ne3 45. Rxc8 Nxd1 46.
Rxf8+ Kxf8 47. Rxd1 h4 48. gxh4 Qh5 49. Re1 Qxh4 50.
Re3 Kg8 51. g6 Qxf4 52. Re1 Qf5 53. Nxd6 Qxg6 54. Nxb5 axb5 55. Rd1 Qd6 56. Kf2 Kf8 57. Ke3 Qg3+ 58. Bf3 Qe5+ 59. Be4 Qc3+ 60. Rd3 Qc5+ 61. Kf4 Qd6+ 62. Ke3 Ke7 63. Rb3 Qc5+ 64. Kf4 Kd6 65. Rd3 Qf2+ 66. Rf3 Qd2+ 67. Kf5 Qh6 68. Rf4 Qh5# 0-1